Cogmind - Beta 14 @@@ ROGUE MODE // 2024.10.12 @ 07:27:03 Player: laeb2 Result: Destroyed by Y-54 Guardian with Flak Gun Performance ------------- Evolutions (3) 1500 Regions Visited (8) 1600 Robots Destroyed (35) 175 Value Destroyed (1049) 1049 Prototype IDs (24) 480 Alien Tech Used (0) 0 Bonus (690) 690 TOTAL SCORE: 5494 Bonus ------- Pacifist 200 Follower Combat Kills 190 Aligned with FarCom 300 Cogmind --------- Core Integrity 0/700 Matter 300/300 Energy 100/100 System Corruption 0% Temperature Cool (12) Movement Core (100) Ox1 Location -7/Storage Parts ------- > --- POWER (2) -------- (None) > --- PROPULSION (4) --- (None) > --- UTILITY (5) ------ Improved Signal Interpreter > --- WEAPON (2) ------- Advanced Assault Cannon > --- INVENTORY (5) ---- Improved Deuterium Engine Huge Storage Unit Peak State ------------ > --- POWER ------------ Light Deuterium Engine Micro Nuclear Core > --- PROPULSION ------- Improved Hover Unit Airjet Gravmag System Improved VTOL Module > --- UTILITY ---------- Advanced Visual Processing Unit Improved Sensor Array Improved Signal Interpreter Improved Terrain Scanner Hardened Medium Armor Plating > --- WEAPON ----------- Scythe Longsword +1 > --- INVENTORY -------- Improved Hover Unit Improved Hover Unit Huge Storage Unit Weapon Cycler Advanced Assault Cannon [Rating: 47] Favorites ----------- Power Light Ion Engine Engine Light Ion Engine Power Core Micro Nuclear Core Propulsion Improved Hover Unit Treads Light Treads Leg Aluminum Leg Hover Unit Improved Hover Unit Flight Unit Improved VTOL Module Utility Advanced Visual Processing Unit Device Terrain Scanner Processor Advanced Visual Processing Unit Protection Hardened Medium Armor Plating Weapon Scythe Ballistic Gun Flak Gun Ballistic Cannon Heavy Assault Cannon Slashing Weapon Scythe Build | -11 -10 -9 -9 -9 -8 -8 -7 -7 ------- Run | Yrd Mat Mat Min Exi Min Mat Fac Sto Slots Evolved 6 | . . 2 . . . 2 2 . Power 1 | . . . . . . . 1 . Propulsion 2 | . . 2 . . . . . . Utility 3 | . . . . . . 2 1 . Weapon . | . . . . . . . . . Parts Attached 37 | . 1 5 6 1 1 8 4 11 Power 7 | . . . 2 . . 1 2 2 Engine 6 | . . . 2 . . 1 1 2 Core 1 | . . . . . . . 1 . Reactor . | . . . . . . . . . Propulsion 13 | . . 1 2 . . 5 1 4 Treads 2 | . . 1 1 . . . . . Leg 2 | . . . 1 . . 1 . . Wheel . | . . . . . . . . . Hover 8 | . . . . . . 4 1 3 Flight 1 | . . . . . . . . 1 Utility 10 | . . 3 . . 1 2 1 3 Device 4 | . . 1 . . 1 1 . 1 Storage . | . . . . . . . . . Processor 2 | . . 1 . . . 1 . . Hackware . | . . . . . . . . . Protection 4 | . . 1 . . . . 1 2 Artifact . | . . . . . . . . . Weapon 7 | . 1 1 2 1 . . . 2 Energy Gun . | . . . . . . . . . Energy Cannon . | . . . . . . . . . Ballistic Gun 2 | . 1 . . . . . . 1 Ballistic Cannon 2 | . . 1 . . . . . 1 Launcher . | . . . . . . . . . Special Weapon . | . . . . . . . . . Impact Weapon . | . . . . . . . . . Slashing Weapon 3 | . . . 2 1 . . . . Piercing Weapon . | . . . . . . . . . Special Melee Weapon . | . . . . . . . . . Unidentified Prototypes 1 | . . . . . . . . 1 Parts Lost 18 | . . . 1 . . . . 17 Power 2 | . . . . . . . . 2 Propulsion 6 | . . . 1 . . . . 5 Utility 7 | . . . . . . . . 7 Weapon 3 | . . . . . . . . 3 Highest Loss Streak 15 | . . . 1 . . . . 15 To Critical Strikes . | . . . . . . . . . Average Slot Usage (%) 72 | . 3 35 62 66 66 91 98 93 Engine 7 | . . . 7 11 11 9 7 6 Core 1 | . . . . . . . 5 6 Treads 1 | . . 4 8 . . . . . Leg 5 | . . . 7 11 11 8 . . Hover 11 | . . . . . . 23 30 27 Device 12 | . . 8 11 11 11 15 15 14 Processor 11 | . . 10 11 11 11 15 15 9 Protection 2 | . . . . . . . 7 11 Ballistic Cannon 2 | . . 11 6 . . . . . Slashing Weapon 14 | . . . 9 22 22 18 15 14 Peak Build Rating 47 | . 1 13 14 18 20 35 45 47 Average Rating 24 | . . 11 13 14 18 32 41 43 On Entrance 15 | . . 1 12 13 18 20 34 45 Naked Turns 26 | . 26 . . . . . . . Heaviest Build 51 | . 1 13 16 9 9 12 26 51 Greatest Support 31 | 3 3 20 20 10 10 29 31 31 Greatest Overweight (x) 4 | . . 4 2 . . 1 . 3 Average Overweight (x) . | . . 1 . . . . . . Largest Inventory Capacity 5 | 5 5 5 5 5 5 5 5 5 Average Capacity 5 | 5 5 5 5 5 5 5 5 5 Most Carried 5 | 2 2 5 5 5 5 5 5 5 Average Carried 4 | 1 1 4 4 5 5 4 4 4 Final Capacity 5 | 5 5 5 5 5 5 5 5 5 Final Carried 5 | 2 1 5 5 5 5 5 5 2 Class Distribution -------------------- 51% | Mutant 24% | Scavenger-Scout 11% | Assassin 10% | Scavenger-Assassin Dominant Class ---------------- Mutant | -10/Materials Mutant | -9/Materials Mutant | -9/Mines Mutant | -9/Exiles Assassin | -8/Mines Scavenger-Scout | -8/Materials Scavenger-Scout | -7/Factory Scavenger-Assassin | -7/Storage Resources | -11 -10 -9 -9 -9 -8 -8 -7 -7 ----------- Run | Yrd Mat Mat Min Exi Min Mat Fac Sto Matter Collected 1039 | 200 . 189 222 . 147 80 26 175 Remotely . | . . . . . . . . . Salvage Created 1248 | . . 271 148 . 166 114 26 523 Parts 64 | . . 16 4 . 10 8 2 24 Haulers Intercepted 3 | . . 1 . . . . . 2 Recyclers Shooed . | . . . . . . . . . Parts Field Recycled . | . . . . . . . . . Retrieved Matter . | . . . . . . . . . Parts Self-Destructed . | . . . . . . . . . Prevented . | . . . . . . . . . Kills | -11 -10 -9 -9 -9 -8 -8 -7 -7 ------- Run | Yrd Mat Mat Min Exi Min Mat Fac Sto Combat Hostiles Destroyed 26 | . . 8 9 . . . . 9 Melee 11 | . . . 5 . . . . 6 Guns 2 | . . . . . . . . 2 Cannons 13 | . . 8 4 . . . . 1 Classes Destroyed 10 | . . 5 1 . 4 . . . Worker 1 | . . . . . 1 . . . Builder 1 | . . . . . 1 . . . Tunneler 2 | . . . . . 2 . . . Hauler 3 | . . 1 . . . . . 2 Recycler 1 | . . . . . 1 . . . Watcher 7 | . . 2 . . . 3 1 1 Swarmer 6 | . . 3 . . . . . 3 Grunt 6 | . . 1 3 . . . . 2 Sentry 8 | . . 4 . . . . . 4 Assembled 6 | . . . 6 . . . . . Best Kill Streak 5 | . . 3 3 . 2 1 1 5 Combat Bots Only 4 | . . 3 3 . . . . 4 Max Kills in Single Turn 1 | . . 1 1 . 1 1 1 1 Gunslinging . | . . . . . . . . . Exploded . | . . . . . . . . . Melee 1 | . . . 1 . . . . 1 Uniques/NPCs Destroyed . | . . . . . . . . . Combat | -11 -10 -9 -9 -9 -8 -8 -7 -7 -------- Run | Yrd Mat Mat Min Exi Min Mat Fac Sto Hostile Shots Fired 473 | . 8 27 35 . . . . 403 Missed 157 | . 3 8 13 . . . . 133 Damage Taken 2764 | . 56 222 327 . . . 27 2132 Core 962 | . 56 46 156 . . . . 704 Absorbed by Shields . | . . . . . . . . . Ignored by Resistances 94 | . . . . . . . . 94 Core Remaining (%) 81 | 100 77 . . . 49 100 . . Volleys Fired 47 | . . 23 10 . . . . 14 Largest 1 | . . 1 1 . . . . 1 Hottest 60 | . . 60 60 . . . . 48 Shots Fired 48 | . . 23 11 . . . . 14 Gun 8 | . . . . . . . . 8 Cannon 40 | . . 23 11 . . . . 6 Launcher . | . . . . . . . . . Special . | . . . . . . . . . Kinetic 48 | . . 23 11 . . . . 14 Thermal . | . . . . . . . . . Explosive . | . . . . . . . . . Electromagnetic . | . . . . . . . . . Robot Hit Streak 16 | . . 7 7 . . . . 16 Robot Miss Streak 3 | . . 2 2 . . . . 3 Penetration Max . | . . . . . . . . . Secondary Targets . | . . . . . . . . . Shots Hit Robots 95 | . . 17 19 . 7 7 1 44 Core Hits 45 | . . 9 7 . 4 3 . 22 Critical Kills . | . . . . . . . . . Critical Parts Destroyed . | . . . . . . . . . Critical Strikes 7 | . . . . . . . . 7 Sever 7 | . . . . . . . . 7 Melee Attacks 147 | . . . 22 . 8 38 3 76 Impact . | . . . . . . . . . Slashing 147 | . . . 22 . 8 38 3 76 Piercing . | . . . . . . . . . Sneak Attacks 7 | . . . . . 5 . . 2 Combat Hostiles . | . . . . . . . . . Follow-up Attacks 10 | . . . 4 . . . . 6 Damage Inflicted 4556 | . . 993 864 . 539 314 57 1789 Guns 170 | . . . . . . . . 170 Cannons 1604 | . . 993 438 . . . . 173 Explosions . | . . . . . . . . . Melee 2778 | . . . 422 . 539 314 57 1446 Ramming 4 | . . . 4 . . . . . Kinetic 1774 | . . 993 438 . . . . 343 Thermal . | . . . . . . . . . Explosive . | . . . . . . . . . Electromagnetic . | . . . . . . . . . Impact . | . . . . . . . . . Slashing 2778 | . . . 422 . 539 314 57 1446 Piercing . | . . . . . . . . . Highest Corruption 4 | . . 4 4 4 4 . . . Average Corruption 3 | . . 3 4 4 4 . . . Corruption Purged . | . . . . . . . . . Corruption Blocked . | . . . . . . . . . Effects 54 | . . 2 14 27 11 . . . Message Errors 10 | . . . 2 6 2 . . . Matter Fused 20 | . . . 4 10 6 . . . Heat Flow Errors 9 | . . 2 1 5 1 . . . Energy Discharges 5 | . . . 1 4 . . . . Parts Rejected 1 | . . . 1 . . . . . Parts Fused 2 | . . . 1 1 . . . . Data Loss (minor) 4 | . . . 2 . 2 . . . Data Loss (major) 1 | . . . 1 . . . . . Misfires 1 | . . . 1 . . . . . Alerts 1 | . . . . 1 . . . . Overload Shots . | . . . . . . . . . Overflow Damage 404 | . . 65 89 . 126 31 35 58 Projectiles 119 | . . 65 54 . . . . . Explosions . | . . . . . . . . . Melee 285 | . . . 35 . 126 31 35 58 Knockbacks 7 | . . 3 4 . . . . . Impact . | . . . . . . . . . Kinetic 7 | . . 3 4 . . . . . Secondary . | . . . . . . . . . Self-Inflicted Damage . | . . . . . . . . . Shots . | . . . . . . . . . Rammed 1 | . . . 1 . . . . . Targets Rammed 1 | . . . 1 . . . . . Kicked . | . . . . . . . . . Crushed . | . . . . . . . . . Highest Temperature 265 | . . 265 149 207 201 . . 70 Average Temperature 49 | . . 41 24 87 134 . . 26 Received Heat Transfer 813 | . 33 87 63 . . . . 630 Siege Activations . | . . . . . . . . . Robots Corrupted . | . . . . . . . . . Combat Hostiles . | . . . . . . . . . Parts Fried . | . . . . . . . . . Impact Corruptions . | . . . . . . . . . Robots Melted . | . . . . . . . . . Combat Hostiles . | . . . . . . . . . Parts Melted . | . . . . . . . . . Heat Transferred . | . . . . . . . . . Parts Sabotaged . | . . . . . . . . . Parts Stolen . | . . . . . . . . . Parts Stripped . | . . . . . . . . . Power Chain Reactions . | . . . . . . . . . Alert | -11 -10 -9 -9 -9 -8 -8 -7 -7 ------- Run | Yrd Mat Mat Min Exi Min Mat Fac Sto Peak Influence 289 | . 66 289 161 . 25 51 195 231 Initial 88 | . . 27 84 . . 9 23 88 Average 70 | . 32 119 85 . 6 23 37 107 Maximum Alert Level 1 | . . 1 . . . . . 1 Low Security (%) 93 | 100 100 85 100 . 100 100 100 82 Level 1 6 | . . 14 . . . . . 17 Level 2 . | . . . . . . . . . Level 3 . | . . . . . . . . . Level 4 . | . . . . . . . . . Level 5 . | . . . . . . . . . High Security . | . . . . . . . . . Max Security . | . . . . . . . . . Squads Dispatched 7 | . 2 1 . . . . 1 3 Investigation . | . . . . . . . . . Extermination . | . . . . . . . . . Reinforcement 4 | . 2 1 . . . . . 1 Assault 1 | . . . . . . . 1 . Garrison 2 | . . . . . . . . 2 Intercept . | . . . . . . . . . Searches Triggered . | . . . . . . . . . Construction Impeded . | . . . . . . . . . Haulers Reinforced . | . . . . . . . . . Active Scanning Responses . | . . . . . . . . . Cargo Convoy Interrupts . | . . . . . . . . . Stealth | -11 -10 -9 -9 -9 -8 -8 -7 -7 --------- Run | Yrd Mat Mat Min Exi Min Mat Fac Sto Distress Signals 5 | . . 3 . . . . . 2 Communications Jammed . | . . . . . . . . . Distress Signals . | . . . . . . . . . Times Spotted 61 | . 7 18 9 . . 5 1 21 Peak Tracking Total 7 | . 5 4 3 . . 2 1 7 Tactical Retreats 5 | . . 2 . . . . . 3 Traps | -11 -10 -9 -9 -9 -8 -8 -7 -7 ------- Run | Yrd Mat Mat Min Exi Min Mat Fac Sto Traps Triggered 3 | . . 2 . . . . 1 . Indirectly . | . . . . . . . . . Trap Hack Attempts . | . . . . . . . . . Triggered . | . . . . . . . . . Disarmed . | . . . . . . . . . Reprogrammed . | . . . . . . . . . Reused . | . . . . . . . . . Traps Extracted . | . . . . . . . . . Installed . | . . . . . . . . . Triggered . | . . . . . . . . . Machines | -11 -10 -9 -9 -9 -8 -8 -7 -7 ---------- Run | Yrd Mat Mat Min Exi Min Mat Fac Sto Machines Disabled 2 | . . . . . . . 1 1 Max in Single Turn 1 | . . . . . . . 1 1 Garrison Access 1 | . . . . . . . 1 . Machines Repaired . | . . . . . . . . . Machines Dismantled . | . . . . . . . . . Machines Sabotaged . | . . . . . . . . . Overloaded Fab Kills . | . . . . . . . . . Hacking | -11 -10 -9 -9 -9 -8 -8 -7 -7 --------- Run | Yrd Mat Mat Min Exi Min Mat Fac Sto Machines Accessed 18 | . 1 2 1 2 1 2 6 3 Terminals 14 | . 1 2 1 . 1 2 4 3 Fabricators 1 | . . . . . . . 1 . Repair Stations . | . . . . . . . . . Recycling Units . | . . . . . . . . . Scanalyzers . | . . . . . . . . . Garrison Access 1 | . . . . . . . 1 . Total Hacks 30 | . 2 2 1 2 3 3 13 4 Successful 12 | . 2 1 1 2 1 1 1 3 Failed 18 | . . 1 . . 2 2 12 1 Catastrophic 5 | . . 1 . . 1 . 3 . Database Lockouts . | . . . . . . . . . Manual 27 | . 3 2 1 4 3 4 9 1 Terminals 25 | . 2 2 1 . 3 3 10 4 Fabricators 2 | . . . . . . . 2 . Repair Stations . | . . . . . . . . . Recycling Units . | . . . . . . . . . Scanalyzers . | . . . . . . . . . Garrison Access 1 | . . . . . . . 1 . Terminal Hacks 12 | . 2 1 1 2 1 1 1 3 Record 1 | . . . . 1 . . . . Robot Analysis 5 | . 2 1 . . 1 1 . . Open Door 2 | . . . . . . . . 2 Open DSF 1 | . . . . . . . 1 . Alert Level 1 | . . . 1 . . . . . Zone Layout 1 | . . . . . . . . 1 Derelict Proto ID Bank 1 | . . . . 1 . . . . Fabricator Hacks . | . . . . . . . . . Repair Station Hacks . | . . . . . . . . . Recycling Unit Hacks . | . . . . . . . . . Scanalyzer . | . . . . . . . . . Garrison Access Hacks . | . . . . . . . . . Unauthorized Hacks . | . . . . . . . . . Terminals . | . . . . . . . . . Fabricators . | . . . . . . . . . Repair Stations . | . . . . . . . . . Recycling Units . | . . . . . . . . . Scanalyzers . | . . . . . . . . . Garrison Access . | . . . . . . . . . Data Cores Recovered . | . . . . . . . . . Used . | . . . . . . . . . Hacking Detections 10 | . . 1 . . 1 2 5 1 Full Trace Events 1 | . . . . . 1 . . . Feedback Events . | . . . . . . . . . Feedback Blocked . | . . . . . . . . . Robot Schematics Acquired . | . . . . . . . . . Robots Built . | . . . . . . . . . Authchips . | . . . . . . . . . Time . | . . . . . . . . . Total Robot Build Rating . | . . . . . . . . . Part Schematics Acquired . | . . . . . . . . . Parts Built . | . . . . . . . . . Authchips . | . . . . . . . . . Time . | . . . . . . . . . Total Part Build Rating . | . . . . . . . . . Parts Repaired . | . . . . . . . . . Time . | . . . . . . . . . Parts Recycled . | . . . . . . . . . Recycled Matter . | . . . . . . . . . Retrieved Matter . | . . . . . . . . . Retrieved Components . | . . . . . . . . . Parts Scanalyzed . | . . . . . . . . . Part Schematics Acquired . | . . . . . . . . . Parts Damaged . | . . . . . . . . . Bothacking | -11 -10 -9 -9 -9 -8 -8 -7 -7 ------------ Run | Yrd Mat Mat Min Exi Min Mat Fac Sto Used RIF Installer . | . . . . . . . . . Robots Hacked . | . . . . . . . . . Non-combat . | . . . . . . . . . Combat . | . . . . . . . . . Robot Hacks Applied . | . . . . . . . . . Relay Couplers Released 2 | . . . . . . . 2 . Machine Destruction 2 | . . . . . . . 2 . Fabnet Peak Effective % . | . . . . . . . . . Robots Rewired . | . . . . . . . . . Allies Hacked . | . . . . . . . . . Hacks Repelled . | . . . . . . . . . Allies | -11 -10 -9 -9 -9 -8 -8 -7 -7 -------- Run | Yrd Mat Mat Min Exi Min Mat Fac Sto Total Allies 10 | . . . . . . . . 10 Largest Group 10 | . . . . . . . . 10 Highest-Rated Group 173 | . . . . . . . . 173 Highest-Rated Ally 29 | . . . . . . . . 29 Total Orders . | . . . . . . . . . Ally Attacks 60 | . . . . . . . . 60 Total Damage 781 | . . . . . . . . 781 Kills 6 | . . . . . . . . 6 Allies Corrupted . | . . . . . . . . . Allies Melted . | . . . . . . . . . Intel | -11 -10 -9 -9 -9 -8 -8 -7 -7 ------- Run | Yrd Mat Mat Min Exi Min Mat Fac Sto Robot Analysis Total 5 | . 2 1 . . 1 1 . . Derelict Logs Recovered 1 | . . . 1 . . . . . Drone Launches . | . . . . . . . . . Drone Recoveries . | . . . . . . . . . Exploration | -11 -10 -9 -9 -9 -8 -8 -7 -7 ------------- Run | Yrd Mat Mat Min Exi Min Mat Fac Sto Turns Passed 4347 | 14 35 581 608 944 297 708 355 805 Spaces Moved 2494 | 25 68 241 257 556 186 311 449 401 Core 219 | 25 68 120 1 . . . . 5 Treads 280 | . . 121 159 . . . . . Legs 901 | . . . 97 556 186 62 . . Wheels . | . . . . . . . . . Hover 1094 | . . . . . . 249 449 396 Flight . | . . . . . . . . . Fastest Speed 48 | 50 50 50 120 120 120 48 48 48 Average Speed 107 | 50 50 190 144 120 120 83 49 107 Slowest Speed 250 | 50 50 250 160 120 120 140 52 240 Overloaded Moves . | . . . . . . . . . Propulsion Burnouts . | . . . . . . . . . Robots Hopped . | . . . . . . . . . Cave-ins Triggered . | . . . . . . . . . Exploration Rate (%) 36 | 2 23 26 62 94 33 21 14 54 Regions Visited 8 Branch Regions 4 Pre-discovered Areas 1 | . . . . . . . . 1 Known Exits Taken 3 | . . . 1 . . 1 1 . Unknown Exits Taken 5 | 1 1 1 . 1 1 . . . Scrap Searched 1 | . . . 1 . . . . . Spaces Dug 10 | . . . 4 . . 2 . 4 Terrain Destroyed 25 | . . 10 9 . . 2 . 4 Melee 10 | . . . 4 . . 2 . 4 Projectile 15 | . . 10 5 . . . . . AOE . | . . . . . . . . . Terrain Rammed . | . . . . . . . . . Walls Destroyed . | . . . . . . . . . Machines Disabled . | . . . . . . . . . Actions | -11 -10 -9 -9 -9 -8 -8 -7 -7 --------- Run | Yrd Mat Mat Min Exi Min Mat Fac Sto Total 3957 | 26 68 330 451 833 252 721 580 696 Wait 1221 | . . 51 155 276 58 367 117 197 Move 2486 | 24 67 240 256 555 185 310 448 401 Hop . | . . . . . . . . . Pick Up 23 | 2 . 7 2 . . 1 5 6 Fast Attach 16 | . . 3 3 1 1 7 1 . Attach 14 | . 1 2 2 . . . 2 7 Detach 2 | . . 1 1 . . . . . Swap 7 | . . . 1 . . 1 1 4 Drop 17 | . . 3 3 1 1 2 3 4 Fire 47 | . . 23 10 . . . . 14 Melee 123 | . . . 17 . 7 33 3 63 Ram . | . . . . . . . . . Kick . | . . . . . . . . . Crush 1 | . . . 1 . . . . . Escape Stasis . | . . . . . . . . . Rewire . | . . . . . . . . . Trap . | . . . . . . . . . Miscellaneous . | . . . . . . . . . Route ------- -11/Scrapyard -10/Materials -9/Materials -9/Mines (discovered 2 exits: *Mat / *Exi) -9/Exiles (discovered 2 exits: *Min x2) -8/Mines -8/Materials -7/Factory -7/Storage (discovered 1 exit: [Rec]) History --------- Turn | Location | Event 3 | -11/Scrapyard | Discovered new exit (range 15) 15 | -11/Scrapyard | Entered Materials 40 | -10/Materials | Discovered new exit (range 16) 50 | -10/Materials | Entered another Materials area 50 | -9/Materials | Evolved 2 slots: Propulsion x2 300 | -9/Materials | Build established: Mutant 564 | -9/Materials | Discovered new exit (range 17) 631 | -9/Materials | Entered Mines 632 | -9/Mines | Assembled infested the area 1119 | -9/Mines | Core integrity fell below 50% 1121 | -9/Mines | Identified exit to Exiles 1147 | -9/Mines | Discovered new exit (range 11) 1196 | -9/Mines | Deemed a non-threat by the Exiles lab entrance 1239 | -9/Mines | Entered Exiles 1255 | -9/Exiles | Discovered new exit (range 19) 1268 | -9/Exiles | Met 8R-AWN 1286 | -9/Exiles | Met EX-HEX 1361 | -9/Exiles | Met EX-DEC 1401 | -9/Exiles | Visited The Gauntlet 1745 | -9/Exiles | Met EX-BIN 1808 | -9/Exiles | Aligned with FarCom system 1809 | -9/Exiles | Given EX-Vault access code 1837 | -9/Exiles | Opened EX-Vault 1845 | -9/Exiles | Found Longsword +1 1869 | -9/Exiles | Warned to stay clear of 0b10 Research branches 2068 | -9/Exiles | Discovered new exit (range 14) 2183 | -9/Exiles | Left Exiles lab with Longsword +1 2183 | -9/Exiles | Entered Mines 2320 | -8/Mines | Discovered new exit (range 13) 2480 | -8/Mines | Entered Materials 2480 | -8/Materials | Evolved 2 slots: Utility x2 2481 | -8/Materials | Build established: Assassin 2937 | -8/Materials | Discovered new exit (range 13) 2947 | -8/Materials | Build established: Scavenger-Scout 3188 | -8/Materials | Identified exit to Factory 3188 | -8/Materials | Entered Factory 3188 | -7/Factory | Evolved 2 slots: Power x1, Utility x1 3538 | -7/Factory | Discovered new exit (range 11) 3543 | -7/Factory | Identified exit to Storage 3543 | -7/Factory | Entered Storage 3910 | -7/Storage | Discovered new exit (range 6) 3911 | -7/Storage | Assisted by bots powering up and referring to "LRC-V3" 4067 | -7/Storage | Lost 6 allies 4087 | -7/Storage | Learned location of Armory (-4) 4206 | -7/Storage | Garrison activated, responded to threat 4304 | -7/Storage | Core integrity fell below 50% 4335 | -7/Storage | Core integrity fell below 20% 4348 | -7/Storage | Destroyed by Y-54 Guardian with Flak Gun Last Messages --------------- K-01 Serf collects debris. G-47 Trooper destroyed. Acquired 5 matter. K-01 Serf collects debris. Acquired 5 matter. K-01 Serf collects debris. A-02 Transporter destroyed. Acquired 5 matter. Flak Gun destroyed. Acquired 10 matter. K-01 Serf collects debris. Acquired 6 matter. Y-54 Guardian destroyed. Acquired 6 matter. K-01 Serf collects debris. Acquired 6 matter. K-01 Serf collects debris. Acquired 6 matter. K-01 Serf collects debris. Acquired 6 matter. Map ----- +----------------------------------------------------+ | ##+######/###???#?#????????????????????????????? | | %% #??# #????????#???????????????????????????? | | % #??# #??????#????##???????????????????????? | | ### #??# #?#??#???#???????????????????????????? | | ###?#% #?## #????????????????????????????????????? | | #?#?# #### #?????#??????????????????????????????? | | ????# #####?#???#??#????????? ?????????????? | | #??## + #??#??#??#??#????????????????????? | | #####+##### # #?#?????#????????????????????????? | | # ?# # #????##?????#?#??????????????????? | | # # #####????#????????#??????????????????? | | # # #???##?????#???##????????? ??????????? | | # # ####?????????????????????????????????? | | + + #?????????#######?????????????????? | | # # ########### #???? ????????????? | | # #=% % #?????????????????? | | # + = %= #?????????? ??????? | | ################=%= [% #?????????????????? | | ?????#????#????########### #?????????#???????? | | ??????##??????????#"""""?## ##?????????????????? | | ?????#???????#???##""T""### #???????????"??????? | | ?#?##?????#??????? !*=# ##???????????? ????? | | #???????????#??"?? """"=k%#! #????????? ????????? | | ??#??????????#???? """"=!k#[!%#??????????????????? | | #??#???#????????? """"!!%YgY=#??????????????????? | | ???????#????????" """" =@#Yg ########+####??????? | | ?#?????????????"" %#!=[ % ???? | | ???????????????## # [= #????????? | | ??????????#????# # =% ##???????? | | ##?#???????????####""T""### ###########??#?????? | | #??????????????#??#"""""??# Y #??????????????????? | | #?#???????????????######??# # ?????????????????? | | #?????#?????????????#?????# #??????????????????? | | #???????#?????????????????# #?????? ???????????? | | #?????##??????????????#???# +??????????????????? | | #??#????##????????????????# #??????????#???????? | | #?????#???????????????????# #??????"???????????? | | #?????????????????#???????# #??? ??????????????? | | #?????????????????????????# #??????#???????????? | | ??#?????#?????????????#??? ??????????????????? | | ?????????????????????????? ??????? ???????????? | | ?##??????????????????????? ???????????????????? | | ?#??#????????????????????????????????????????????? | | ?????????????????????????????????????????????????? | | ?????????????????????????????????????????????????? | | #????????????????????????????????????????????????? | | ?????????????????????????????????????????????????? | | ?????????????????????????????????????????????????? | | ?????????????????????????????????????????????????? | | ?????????????????????????????????????????????????? | +----------------------------------------------------+ Best States ------------- Heat Dissipation 34 Energy Generation 26 Energy Capacity 340 Matter Stores 300 Matter Capacity 300 Sight Range 20 Robot Scan Range 15 Terrain Scan Range 16 Terrain Scan Density 10 Armor Coverage 450 Resistance: KI 30 Weapon Cycling 15 Evasion (%) 55 Recoil Reduction 1 Item Schematics ----------------- None Robot Schematics ------------------ None Fabricated ------------ Nothing Alien Tech Used ----------------- None Achievements -------------- None Challenges ------------ None Game ------ Seed 1234 Manual? 1 Play Time 00:36:39 Cumulative 43.1 hours Start 2024.10.11 @ 10:49:28 End 2024.10.12 @ 07:27:03 Sessions 2 Manual Loads 0 Difficulty Rogue Special Mode None Game No. 59 Rogue 59 Adventurer 0 Explorer 0 Win Type - Total 1 Types 1/0/0/0/0/0/0/0/0 Lore% 33 Gallery% 39 Achievement% 37 Wizard Run 0 Options --------- Layout 1 ASCII 0 Keyboard 0 Movement Mouse Keybinds 0 Fullscreen 1 Font 32/SmallcapsGlow Map View 50x35 Zoom Use 0% Tactical HUD 0 Map Filters NONE Filters NONE Steam 1 RUN: 7fe40a22-89be-4720-97c1-ed7ac907314c